 Dungeon Crawl Stone Soup version 0.30-a0-219-gf2db51d15e (webtiles) character file.

Game seed: 5058470153200784015

98681 Zonian the Warrior (level 16, 0/97 HPs)
             Began as a Vine Stalker Brigand on Oct 7, 2022.
             Was a High Priest of Uskayaw.
             Slain by a troll (4 damage)
             ... led by Saint Roka
             ... on level 2 of the Orcish Mines on Oct 8, 2022.
             The game lasted 01:33:10 (30069 turns).

Zonian the Warrior (Vine Stalker Brigand)          Turns: 30069, Time: 01:33:10

Health: 0/97       AC: 14    Str: 22    XL:     16   Next: 23%
Magic:  0/24       EV: 19    Int: 11    God:    Uskayaw [*****.]
Gold:   1598       SH:  0    Dex: 18    Spells: 20/25 levels left

rFire   + . .      SeeInvis +    J - +3 rapier (flame)
rCold   + + .      Faith    .    W - orb {*Rage}
rNeg    . . .      Spirit   +    L - +3 leather armour {rF+}
rPois   .          Reflect  .    s - +2 helmet {SInv}
rElec   .          Harm     .    A - +1 cloak
rCorr   .          Rampage  .    x - +2 pair of gloves
Will    ++...      Rage     20%  O - -1 pair of boots of Indomitability {rC++ Dex-4}
Stlth   +++++.....               e - amulet of magic regeneration
HPRegen 1.16/turn                m - +4 ring of evasion
MPRegen 0.59/turn                K - +6 ring of strength

@: wereblooded (expiring), on berserk cooldown, slowed, very slow
A: fangs 3, regeneration 1, magic shield, antimagic bite, no potion heal 2
a: Renounce Religion, Stomp, Line Pass, Grand Finale


You were on level 2 of the Orcish Mines.
You worshipped Uskayaw.
Uskayaw was aware of your devotion.
You visited 3 branches of the dungeon, and saw 22 of its levels.
You also visited: Volcano.

You collected 2252 gold pieces.
You spent 654 gold pieces at shops.

Inventory:

Hand Weapons
 f - a +3 scimitar of flaming
 H - a +1 short sword of electrocution
 J - a +3 rapier of flaming (weapon)
 M - a +0 sling
Missiles
 d - 9 poisoned darts (quivered)
 n - 4 throwing nets
 F - 7 boomerangs
 I - 12 atropa-tipped darts
 V - 3 datura-tipped darts
Armour
 s - a +2 helmet of see invisible (worn)
 t - a +2 pair of boots
 x - a +2 pair of gloves (worn)
 A - a +1 cloak (worn)
 L - a +3 leather armour of fire resistance (worn)
 O - the -1 pair of boots of Indomitability (worn) {rC++ Dex-4}
   (You found it on level 9 of the Dungeon)

   Dex:       It affects your dexterity (-4).
   rC:        It greatly protects you from cold.
 W - an orb of wrath (worn)
Jewellery
 c - a ring of flight
 e - an amulet of magic regeneration (around neck)
 m - a +4 ring of evasion (left hand)
 o - the ring of Cohotash {Fire *Corrode rN+ Dex+7}
   (You found it on level 2 of the Lair of Beasts)

   [ring of fire]

   It enhances your fire magic.
   Dex:       It affects your dexterity (+7).
   rF:        It protects you from fire.
   rC:        It makes you vulnerable to cold.
   rN:        It protects you from negative energy.
   *Corrode:  It may corrode you when you take damage.
 q - an amulet of regeneration
 C - a ring of positive energy
 K - a +6 ring of strength (right hand)
 N - the amulet "Iruweis" {Spirit rC+ Will++}
   (You found it on level 5 of the Lair of Beasts)

   [amulet of guardian spirit]

   It causes incoming damage to be divided between your reserves of health and
   magic.
   rC:        It protects you from cold.
   Will:      It greatly increases your willpower.
 X - a ring of protection from fire
 Y - a ring of wizardry
Wands
 b - a wand of charming (8)
 r - a wand of flame (16)
 Q - a wand of roots (1)
Scrolls
 a - 3 scrolls of teleportation
 h - 7 scrolls of identify
 v - a scroll of silence
 B - 2 scrolls of magic mapping
 D - 4 scrolls of butterflies
 E - a scroll of enchant armour
 U - 2 scrolls of poison
Potions
 g - 3 potions of ambrosia
 i - 7 potions of might
 j - 2 potions of cancellation
 k - 10 potions of curing
 l - 2 potions of resistance
 p - 4 potions of attraction
 u - 3 potions of flight
 w - 4 potions of brilliance
 z - 2 potions of invisibility
 G - 3 potions of haste
 P - 2 potions of lignification
 T - 2 potions of magic
 Z - a potion of berserk rage
Miscellaneous
 R - a box of beasts
 S - a condenser vane (inert)


   Skills:
 + Level 16.4 Fighting
 - Level 14.0 Short Blades
 - Level 6.0 Throwing
 + Level 6.3 Dodging
 - Level 12.0 Stealth
 - Level 5.0 Spellcasting
 - Level 5.0 Transmutations
 + Level 3.7 Earth Magic
 - Level 8.0 Invocations


You had 20 spell levels left.
You knew the following spells:

 Your Spells              Type           Power      Damage    Failure   Level
a - Wereblood             Tmut           13%        N/A       4%          2
b - Beastly Appendage     Tmut           26%        N/A       3%          1
c - Passwall              Tmut/Erth      10%        N/A       6%          2

Your spell library contained the following spells:

 Spells                   Type           Power      Damage    Failure   Level
 Freeze                   Ice            8%         1d3       24%         1
 Shock                    Conj/Air       8%         1d3       24%         1
 Spider Form              Tmut/Pois      8%         N/A       26%         3
 Blink                    Tloc           4%         N/A       36%         2
 Ensorcelled Hibernation  Hex/Ice        4%         N/A       36%         2
 Momentum Strike          Conj/Tloc      4%         3d8       36%         2
 Ignite Poison            Fire/Tmut/Pois 6%         N/A       36%         3
 Call Canine Familiar     Summ           2%         N/A       58%         3
 Frozen Ramparts          Ice            4%         1d1       58%         3
 Gell's Gravitas          Tloc           2%         N/A       58%         3
 Hailstorm                Conj/Ice       2%         3d3       58%         3
 Kindle Blastsparks       Fire/Tloc/Air  4%         2d10      58%         3
 Lesser Beckoning         Tloc           4%         N/A       58%         3
 Portal Projectile        Hex/Tloc       4%         N/A       58%         3
 Swiftness                Air            2%         N/A       58%         3
 Teleport Other           Tloc           2%         N/A       58%         3
 Leda's Liquefaction      Hex/Erth       3%         N/A       75%         4
 Airstrike                Air            1%         2d(1-17)  94%         4
 Olgreb's Toxic Radiance  Pois           2%         N/A       94%         4
 Alistair's Intoxication  Tmut/Pois      5%         N/A       94%         5
 Borgnjor's Vile Clutch   Necr/Erth      3%         N/A       97%         5
 Fireball                 Conj/Fire      1%         3d3       100%        5
 Freezing Cloud           Conj/Ice/Air   1%         6-21      100%        5
 Iskenderun's Battlesphe  Conj           2%         2d6       100%        5
 Conjure Ball Lightning   Conj/Air       1%         3x3d6     100%        6
 Eringya's Noxious Bog    Tmut/Pois      4%         N/A       100%        6
 Iron Shot                Conj/Erth      3%         9d2       100%        6
 Orb of Destruction       Conj           1%         9d5       100%        7
 Ozocubu's Refrigeration  Ice            1%         4d7       100%        7
 Spellforged Servitor     Conj/Summ      1%         N/A       100%        7
 Discord                  Hex            1%         N/A       100%        8
 Disjunction              Tloc           1%         N/A       100%        8
 Ignition                 Fire           1%         3d3       100%        8


Dungeon Overview and Level Annotations

Branches:
Dungeon (15/15)            Temple (0/1) D:4            Lair (5/5) D:10
  Swamp (0/4) Lair:2        Snake (0/4) Lair:2        Slime (0/5) Lair:4
    Orc (2/2) D:9             Elf (0/3) Orc:2        Vaults (0/5) D:13
 Depths (0/4) D:15        Volcano (visited)

Altars:
Ashenzari
Dithmenos
Elyvilon
Gozag
Hepliaklqana
Kikubaaqudgha
Makhleb
Nemelex Xobeh
Ru
Uskayaw
Vehumet
Wu Jian
Xom
Yredelemnul

Shops:
D:8 *   D:10 [   Orc:2 :(

Portals:
Trove: D:14 (give 14 scrolls of teleportation)

Annotations:
D:3 2 runed translucent doors, Bediveer's ghost, amateur KoHu
D:6 2 transporters, Juicyj's ghost, novice DrIE
D:10 Gastronok
Lair:2 Nytunad's ghost, journeyman DsGl
Orc:2 Saint Roka


Innate Abilities, Weirdness & Mutations

You have razor-sharp teeth.
Your natural rate of healing is unusually fast.
When hurt, damage is shared between your health and your magic reserves.
Your bite disrupts and absorbs the magic of your enemies.
Potions cannot restore your health.


Message History

Aiming: Line Pass
Press: ? - help, Dir - move target, p - orc The orc warrior appears confused.
An orc comes into view. It is wielding a +0 short sword.
Your primal bloodlust is almost over.
The orc no longer looks unusually strong. x2
The orc priest begins to cast a cantrip, but forgets the words!
Saint Roka roars a battlecry!
The orcs go into a battle-frenzy!
The orc warrior hits the troll with a +0 dire flail!!
Saint Roka mumbles some strange prayers to Beogh against you.
Beogh smites you!
* * * LOW HITPOINT WARNING * * *
The troll closely misses you. The troll claws you but does no damage.
The troll claws you!
* * * LOW HITPOINT WARNING * * *
The orc moves out of view.
Clouds of freezing vapour condense around you!
The condenser dries out!
The orc warrior seems less confused.
The orc priest no longer looks unusually strong.
The orc warrior is engulfed in freezing vapours.
The orc warrior barely misses you.
The orc is engulfed in freezing vapours.
You feel a bit better.
You kill the orc!
The orc is engulfed in freezing vapours.
You kill the orc!
The orc is engulfed in freezing vapours.
You kill the orc!
The orc is engulfed in freezing vapours.
You kill the orc!
The orc priest is engulfed in freezing vapours.
You kill the orc priest!
The orc is engulfed in freezing vapours.
You kill the orc!
The troll is engulfed in freezing vapours.
The troll bites you!
* * * LOW HITPOINT WARNING * * *
The troll claws you.
You die...

......#...###............###
...........#..##########...##
........#.##.###...# ###..##
...##....##..# #...# # ##..#
........###.####... §# #..#
.........#..#.8##)###o##8.##.#
..........8.).)§§§§§§§§... #.#
.#....#.....)..§§o§8o§§... #.#
.###.####.8.'..§@T§§o§§... #.#
..#### ##..#.8##+###§##8.##.#
..## ##.#### ..# ∩#..# ...#
#..# .# ##..# #.## ##.##
###..## .## #..##########...##
.# ##............### ##
############## #


You could see Saint Roka, a troll, an orc warrior (strong), an orc wizard
(strong) and an orc (strong).

Vanquished Creatures
  Jorgrun (D:12)
  Snorg (D:12)
  A fire dragon (Volcano)
  Josephine (D:12)
  An entropy weaver (shapeshifter) (D:13)
  Harold (D:11)
  8 hydras
  5 centaur warriors
  3 catoblepae
  5 boulder beetles
  4 two-headed ogres
  A tengu warrior (D:15)
  Erica (D:10)
  3 death yaks (Lair:3)
  An orc high priest (Orc:2)
  Amaemon (D:11)
  A goliath frog (Lair:5)
  2 lindwurms
  An orc knight (D:15)
  A necromancer (D:13)
  3 orc sorcerers
  18 ugly things
  A deep elf pyromancer (D:14)
  A wolf spider (D:15)
  2 cyclopes
  A manticore (D:12)
  2 spectral boulder beetles (D:10)
  A salamander (D:15)
  A spectral centaur (D:10)
  A centaur zombie (D:10)
  A molten gargoyle (Volcano)
  10 elephants
  2 black mambas (Lair:5)
  2 gargoyles
  2 torpor snails
  29 cane toads
  An orange demon (D:11)
  A centaur skeleton (D:10)
  3 efreet (D:13)
  2 unseen horrors
  3 rime drakes (Lair:2)
  A yaktaur (D:12)
  13 komodo dragons
  A polar bear (Lair:5)
  3 meliai (Lair:2)
  5 trolls
  A queen bee (Lair:2)
  4 tyrant leeches (Lair:5)
  A hornet (D:10)
  27 blink frogs
  7 slime creatures
  A dream sheep (shapeshifter) (D:15)
  2 shadows (D:10)
  2 centaur simulacra (D:10)
  10 flying skulls
  17 wraiths
  2 wyverns
  A vampire (D:10)
  7 fire bats (Volcano)
  63 yaks
  8 basilisks
  2 steam dragons
  11 vampire mosquitoes
  8 wargs
  3 acid dragons
  A hell hound (Volcano)
  17 water moccasins
  21 orc warriors
  A boulder beetle simulacrum (D:10)
  2 ice beasts
  4 black mamba simulacra
  A black bear (D:5)
  4 boggarts (D:13)
  4 ogres (Orc:2)
  5 wolves
  23 centaurs
  A phantom (D:5)
  A kobold brigand (D:9)
  14 bullfrogs
  3 gnoll sergeants
  2 necrophages
  3 scorpions
  3 wights (D:8)
  A blink frog simulacrum (Lair:2)
  36 killer bees
  2 electric eels
  A rime drake simulacrum (Lair:2)
  A crimson imp (D:8)
  7 lava snakes (Volcano)
  2 hounds
  A jelly (D:8)
  A water moccasin simulacrum (Lair:2)
  19 orc priests
  2 gnoll boudas
  2 iguanas
  15 orc wizards
  A yak simulacrum (Lair:2)
  5 hell rats (D:10)
  A boggart simulacrum (D:14)
  Robin (D:2)
  A howler monkey skeleton (D:10)
  A howler monkey zombie (D:10)
  20 gnolls
  7 adders
  A river rat (Lair:2)
  2 ufetubi
  A worm (D:3)
  67 orcs
  4 ball pythons
  6 endoplasms
  A giant cockroach (D:2)
  10 goblins
  6 hobgoblins
  15 jackals
  5 quokkas
  6 bats
  4 frilled lizards
  10 kobolds
  3 rats (D:2)
708 creatures vanquished.

Vanquished Creatures (others)
  A goblin (D:2)
  A bush (Lair:5)
  42 fungi
  118 plants
162 creatures vanquished.

Grand Total: 870 creatures vanquished

Notes
Turn   | Place    | Note
-------+----------+-------------------------------------------
     0 | D:1      | Zonian the Vine Stalker Brigand began the quest for the
                  | Orb.
     0 | D:1      | Reached XP level 1. HP: 11/11 MP: 2/2
   192 | D:1      | Reached skill level 1 in Dodging
   192 | D:1      | Reached XP level 2. HP: 15/15 MP: 3/3
   225 | D:1      | Reached skill level 5 in Stealth
   243 | D:1      | Reached skill level 2 in Fighting
   529 | D:1      | Reached XP level 3. HP: 18/18 MP: 4/4
   936 | D:2      | Gained mutation: Your natural rate of healing is unusually
                  | fast. [Vine Stalker growth]
   936 | D:2      | Reached XP level 4. HP: 23/23 MP: 5/5
   997 | D:2      | Noticed Robin
  1049 | D:2      | Killed Robin
  1180 | D:2      | Reached XP level 5. HP: 18/27 MP: 3/6
  1571 | D:3      | Found a faded altar of an unknown god.
  1608 | D:3      | Found a runed translucent door.
  1614 | D:3      | Noticed Bediveer's ghost (amateur KoHu)
  1897 | D:3      | Found a runed translucent door.
  1900 | D:3      | Found a shimmering altar of Xom.
  1951 | D:3      | Found a hide-covered altar of Uskayaw.
  1960 | D:3      | Became a worshipper of Uskayaw the Reveller
  2264 | D:4      | Found a staircase to the Ecumenical Temple.
  2280 | D:4      | Reached * piety under Uskayaw
  2282 | D:4      | Reached ** piety under Uskayaw
  2285 | D:4      | Reached *** piety under Uskayaw
  2294 | D:4      | Reached **** piety under Uskayaw
  2477 | D:4      | Reached skill level 3 in Fighting
  2477 | D:4      | Reached XP level 6. HP: 31/32 MP: 4/7
  2889 | D:5      | Entered Level 5 of the Dungeon
  2950 | D:5      | Noticed a black bear
  2960 | D:5      | Killed a black bear
  3157 | D:5      | Reached XP level 7. HP: 36/36 MP: 8/8
  4295 | D:5      | Reached skill level 4 in Fighting
  4295 | D:5      | Gained mutation: You have razor-sharp teeth. [Vine Stalker
                  | growth]
  4295 | D:5      | Reached XP level 8. HP: 42/42 MP: 9/9
  4877 | D:6      | Found an opulent altar of Gozag.
  4984 | D:6      | Found a basalt altar of Yredelemnul.
  5107 | D:6      | Found a transporter.
  5107 | D:6      | Noticed Juicyj's ghost (novice DrIE)
  5108 | D:6      | Found a transporter.
  5111 | D:6      | Identified the +10 dire flail of the Squeaky God {speed,
                  | rF+ rC++ Int-2 SInv}
  5111 | D:6      | Noticed a two-headed ogre
  5958 | D:7      | Found a white marble altar of Elyvilon.
  6104 | D:7      | Found an ornate altar of the Wu Jian Council.
  6170 | D:7      | Reached XP level 9. HP: 27/46 MP: 4/10
  6847 | D:8      | Reached skill level 5 in Fighting
  6847 | D:8      | Reached skill level 5 in Short Blades
  7027 | D:8      | Found a burning altar of Makhleb.
  7027 | D:8      | Found a radiant altar of Vehumet.
  7146 | D:8      | Found a broken altar of Ashenzari.
  7256 | D:8      | Reached skill level 5 in Throwing
  7274 | D:8      | Found Gothin's Assorted Antiques.
  7283 | D:8      | Bought a tubular silver ring for 120 gold pieces
  7283 | D:8      | Bought a dyed leather armour for 120 gold pieces
  7329 | D:8      | Found a shadowy altar of Dithmenos.
  7607 | D:9      | Found a staircase to the Orcish Mines.
  7643 | D:9      | Reached ***** piety under Uskayaw
  7657 | D:9      | Reached ****** piety under Uskayaw
  7683 | D:9      | Reached skill level 5 in Dodging
  7812 | D:9      | Identified the -1 pair of boots of Indomitability {rC++
                  | Dex-4}
  7882 | D:9      | Reached XP level 10. HP: 53/53 MP: 11/11
  7893 | D:9      | Reached skill level 6 in Fighting
  8184 | D:9      | Found a sacrificial altar of Ru.
  8260 | D:10     | Entered Level 10 of the Dungeon
  8561 | D:10     | Noticed Gastronok
  9298 | D:10     | Reached skill level 7 in Fighting
  9740 | D:10     | Noticed a spectral centaur warrior
  9976 | D:10     | Reached skill level 8 in Fighting
  9991 | D:10     | Reached XP level 11. HP: 55/60 MP: 10/12
 10209 | D:10     | Found an ancient bone altar of Kikubaaqudgha.
 10246 | D:10     | Reached skill level 9 in Fighting
 10810 | D:10     | Learned a level 2 spell: Wereblood
 10814 | D:10     | Found a faded altar of an unknown god.
 10816 | D:10     | Found a faded altar of an unknown god.
 10817 | D:10     | Found a hazy altar of Hepliaklqana.
 10902 | D:10     | Found a sparkling altar of Nemelex Xobeh.
 10903 | D:10     | Found a staircase to the Lair.
 10930 | D:10     | Found Melaq's Antique Armour Shop.
 10946 | D:10     | Reached skill level 1 in Transmutations
 10950 | D:10     | Bought a glowing hat for 154 gold pieces
 11091 | D:10     | Reached skill level 10 in Fighting
 11240 | Lair:1   | Entered Level 1 of the Lair of Beasts
 11240 | Lair:1   | Noticed Erica
 11254 | D:10     | Killed Erica
 11255 | D:10     | Reached skill level 10 in Short Blades
 11532 | Lair:1   | Reached XP level 12. HP: 60/67 MP: 10/13
 11597 | Lair:1   | Reached skill level 1 in Spellcasting
 11609 | Lair:1   | Noticed a catoblepas
 11851 | Lair:1   | You fall into a shaft and drop 1 floor!
 12544 | Lair:1   | Killed a catoblepas
 12740 | Lair:2   | Found a staircase to the Snake Pit.
 12745 | Lair:2   | Noticed a boulder beetle
 12757 | Lair:2   | Killed a boulder beetle
 12758 | Lair:2   | Reached skill level 5 in Transmutations
 12760 | Lair:2   | Reached skill level 11 in Fighting
 12845 | Lair:2   | Found a runed translucent gate.
 12846 | Lair:2   | Found a runed translucent gate.
 12847 | Lair:2   | Found a runed translucent gate.
 13125 | Lair:2   | Found a staircase to the Swamp.
 13204 | Lair:2   | Reached skill level 5 in Spellcasting
 13217 | Lair:2   | Noticed Nytunad's ghost (journeyman DsGl)
 13393 | Lair:2   | Reached XP level 13. HP: 24/74 MP: 21/21
 15083 | Lair:2   | Got the ring of Cohotash {Fire *Corrode rN+ Dex+7}
 15087 | Lair:2   | Identified the +7 war axe "Celit" {flame, Int+4}
 15241 | Lair:3   | Reached skill level 12 in Fighting
 15524 | Lair:3   | Found a dark tunnel.
 15569 | Volcano  | Entered a volcano
 15766 | Volcano  | Found a burning altar of Makhleb.
 15785 | Volcano  | Noticed a fire dragon
 15829 | Volcano  | Killed a fire dragon
 16614 | Lair:3   | Reached skill level 13 in Fighting
 17465 | Lair:4   | Reached XP level 14. HP: 51/82 MP: 15/22
 17857 | Lair:4   | Found a staircase to the Slime Pits.
 18073 | Lair:5   | Entered Level 5 of the Lair of Beasts
 18506 | Lair:5   | Reached skill level 14 in Fighting
 19615 | Lair:5   | Reached skill level 1 in Invocations
 19697 | Lair:5   | Reached skill level 10 in Stealth
 20497 | Lair:5   | Identified the +1 chain mail of Utucvepn {Contam rElec
                  | Dex+8}
 20502 | Lair:5   | Identified the amulet "Iruweis" {Spirit rC+ Will++}
 21054 | D:11     | Noticed Amaemon
 21106 | D:11     | Killed Amaemon
 21107 | D:11     | Reached XP level 15. HP: 88/88 MP: 23/23
 21525 | D:11     | Noticed Harold
 21550 | D:11     | Killed Harold
 22222 | D:12     | Reached skill level 15 in Fighting
 22239 | D:12     | Learned a level 1 spell: Beastly Appendage
 22246 | D:12     | Noticed Snorg
 22252 | D:12     | Killed Snorg
 22281 | D:12     | Noticed Josephine
 22285 | D:12     | Killed Josephine
 22315 | D:12     | Reached skill level 5 in Invocations
 22341 | D:12     | Noticed Jorgrun
 22349 | D:12     | HP: 3/90 [centaur warrior/arrow (15)]
 22997 | D:12     | Killed Jorgrun
 23422 | D:12     | Identified the +1 robe of Optimism {Str+5 Dex-4}
 24199 | D:13     | Found a gate to the Vaults.
 24665 | D:14     | Found a portal to a secret trove of treasure.
 25787 | D:14     | You fall into a shaft and drop 1 floor!
 25787 | D:15     | Entered Level 15 of the Dungeon
 26326 | D:14     | Reached skill level 16 in Fighting
 26804 | D:14     | Learned a level 2 spell: Passwall
 27003 | D:15     | Reached skill level 1 in Earth Magic
 27209 | D:15     | Reached XP level 16. HP: 96/96 MP: 24/24
 27714 | D:15     | Found a staircase to the Depths.
 28241 | Orc:1    | Entered Level 1 of the Orcish Mines
 28527 | Orc:2    | Entered Level 2 of the Orcish Mines
 29579 | Orc:2    | Found a staircase to the Elven Halls.
 29965 | Orc:2    | Found Ruppipte's Book Emporium.
 29991 | Orc:2    | Bought a book of Spatial Translocations for 260 gold pieces
 30046 | Orc:2    | Noticed Saint Roka
 30057 | Orc:2    | Found Meakotoh's Antique Weapon Boutique.
 30069 | Orc:2    | HP: 4/97 [troll[Saint Roka] (6)]
 30069 | Orc:2    | Slain by a troll

Illustrated notes

Levels and vault maps discovered:
D:1:      lightli_arrival_maybe_door_vault, layout_basic
D:2:      layout_basic, kennysheep_crisscross, minmay_tromino_mix6, uniq_robin
D:3:      layout_basic, mainiacjoe_overflow_alcove_2,
          mainiacjoe_overflow_surrounded_room, basic_ecumenical_altar,
          ebering_ghost_sewer_f
D:4:      layout_rooms, temple_pool_b, grunt_decor_arrowhead
D:5:      layout_basic, serial_glass, glass_columns_a, glass_columns_a,
          due_unseen_surprise, minmay_strange_pillars, item_on_display_a
D:6:      layout_rooms, mainiacjoe_overflow_brackets,
          nicolae_gozag_cash_rules_everything_around_me, gammafunk_ghost_smash,
          serial_bayou_ford_a
D:7:      layout_basic, nicolae_wu_jian_wuxing_cycle,
          mainiacjoe_overflow_small_starburst
D:8:      layout_loops_ring, ashenzari_conservatory_becter,
          kennysheep_little_box, grunt_temple_overflow_lords_of_destruction,
          serial_shops, nicolae_stop_n_shop_2
D:9:      layout_basic, kennysheep_mini_moat, david_orc_3
D:10:     lemuel_vampire_tower, layout_rooms,
          nicolae_hepliaklqana_ecumenical_no_more, nemelex_diamond_rough_becter,
          serial_shops, shop, minmay_between, uniq_gastronok
D:11:     layout_loops_corners, uniq_harold, uniq_amaemon
D:12:     layout_basic, uniq_snorg, uniq_jorgrun, uniq_josephine
D:13:     layout_basic, david_vaults_4
D:14:     layout_rooms, enter_trove_0
D:15:     hangedman_depths_entry_try_elsewhere_first, layout_irregular_city,
          chequers_serial_rivers_large_a
Lair:1:   layout_chaotic_city, uniq_erica
Lair:2:   regret_index_combs_of_tragedy, layout_chaotic_city, swamp_mist_pool,
          gammafunk_ghost_icy, st_stairs_4, serial_bayou_pond_c, minivault_27
Lair:3:   layout_small_grid, nicolae_volcano_entry_vermiform, lemuel_fruit_tree
Lair:4:   layout_misc_corridors, slime_entry_1, grunt_megastairs_4
Lair:5:   minmay_lair_end_frog_pond, layout_concentric_octagons,
          infiniplex_staircase_pool_2
Orc:1:    layout_caves
Orc:2:    grunt_orc_community_town_hall, layout_caves,
          grunt_orc_community_big_house_1, grunt_orc_community_big_house_1,
          grunt_orc_community_house_3, grunt_orc_community_house_1,
          grunt_orc_community_house_3, grunt_orc_community_house_3, basic_altar

Skill      XL: |  1  2  3  4  5  6  7  8  9 10 11 12 13 14 15 16 |
---------------+-------------------------------------------------+-----
Dodging        | 1 2 3 4 5 6 |  6.3
Stealth        | 5 6 7 8 9 11 12 | 12.0
Short Blades   | 2 3 4 5 8 10 12 14 | 14.0
Fighting       | 2 3 4 5 8 10 11 13 14 16 | 16.4
Throwing       | 2 3 4 5 6 |  6.0
Transmutations | 2 5 |  5.0
Spellcasting   | 5 |  5.0
Invocations    | 3 8 |  8.0
Earth Magic    | 1 3 |  3.7

Action                   |  1- 3 |  4- 6 |  7- 9 | 10-12 | 13-15 | 16-18 || total
-------------------------+-------+-------+-------+-------+-------+-------++-------
Melee: Dagger            |   115 |   138 |   225 |       |       |       ||   478
       Bite              |    27 |    46 |   103 |   237 |   604 |    49 ||  1066
       Punch             |     1 |       |     5 |    11 |    27 |       ||    44
       Short sword       |       |       |    86 |   539 |    19 |       ||   644
       Rapier            |       |       |       |   115 |  1378 |   172 ||  1665
       Scimitar          |       |       |       |       |    37 |       ||    37
       Kick              |       |       |       |       |     7 |       ||     7
       Headbutt          |       |       |       |       |     6 |       ||     6
Throw: Dart              |    10 |    57 |    73 |    37 |   116 |       ||   293
       Throwing net      |       |       |     1 |     2 |     5 |       ||     8
       Boomerang         |       |       |       |     3 |    44 |       ||    47
 Cast: Wereblood         |       |       |       |       |     6 |     7 ||    13
       Beastly Appendage |       |       |       |       |     3 |       ||     3
Invok: Line Pass         |       |       |       |     1 |     6 |     1 ||     8
Evoke: Wand              |       |     6 |     9 |     9 |    31 |       ||    55
       Condenser vane    |       |       |       |     1 |     1 |     1 ||     3
       Box of beasts     |       |       |       |       |     1 |       ||     1
  Use: Scroll            |       |    15 |     7 |     9 |    16 |       ||    47
       Potion            |       |       |       |     2 |     7 |       ||     9
 Stab: Sleeping          |     7 |     6 |     7 |    12 |    19 |     8 ||    59
       Distracted        |       |     1 |       |     2 |     2 |       ||     5
       Paralysed         |       |       |     9 |    22 |    76 |    16 ||   123
       Invisible         |       |       |       |     5 |     1 |       ||     6
       Held in net/web   |       |       |       |     3 |       |       ||     3
       Confused          |       |       |       |     1 |       |       ||     1
       Petrified         |       |       |       |     1 |       |       ||     1
Armor: Robe              |    33 |    25 |       |       |       |       ||    58
       Leather armour    |       |     5 |    59 |   139 |   380 |    42 ||   625
Dodge: Dodged            |    87 |    78 |   210 |   477 |   933 |    97 ||  1882

Table legend: (Time is in decaauts)
 A = Elapsed time spent in this place.
 B = Non-inter-level travel time spent in this place.
 C = Inter-level travel time spent in this place.
 D = Time resting spent in this place.
 E = Time spent auto-exploring this place.
 F = Levels seen in this place.
 G = Mean time per level.
                   A        B        C        D        E       F      G
               +--------+--------+--------+--------+--------+-----+--------+
         Total |  29161 |  28206 |    955 |  11251 |   9508 |  23 | 1267.9 |
       Dungeon |  18459 |  17767 |    692 |   7252 |   6370 |  15 | 1230.6 |
          Lair |   8693 |   8431 |    262 |   3081 |   2650 |   5 | 1738.6 |
  Orcish Mines |   1718 |   1718 |      0 |    873 |    487 |   2 |  859.0 |
       Volcano |    291 |    291 |      0 |     44 |      0 |   1 |  291.0 |
               +--------+--------+--------+--------+--------+-----+--------+

Top non-repeatable levels by time:
  Lair:2: 2296 daAuts
    D:10: 1978 daAuts
     D:9: 1918 daAuts
     D:5: 1878 daAuts
    D:13: 1836 daAuts
  Lair:5: 1809 daAuts
    D:14: 1653 daAuts
  Lair:4: 1646 daAuts
    D:11: 1541 daAuts
  Lair:3: 1501 daAuts
  Lair:1: 1439 daAuts
   Orc:2: 1140 daAuts
     D:6: 1093 daAuts
    D:15: 1036 daAuts
    D:12: 1034 daAuts
